 Dungeon Crawl Stone Soup version 0.23.2-40-g277498a001 (webtiles) character file.

Game seed: 18344652777863911360

193 Descartes the Ruffian (level 5, -2/53 HPs)
             Began as a Troll Monk on Oct 20, 2019.
             Was a Believer of Wu Jian.
             Slain by a hound (3 damage)
             ... on level 3 of the Dungeon.
             The game lasted 00:06:00 (2024 turns).

Descartes the Ruffian (Troll Monk)                  Turns: 2024, Time: 00:06:00

Health: -2/53      AC:  6    Str: 19    XL:     5   Next: 43%
Magic:  4/4        EV:  3    Int:  7    God:    Wu Jian [**....]
Gold:   175        SH:  0    Dex: 12    Spells: 4/4 levels left

rFire    . . .     SeeInvis .     - Unarmed
rCold    . . .     Gourm    +   t - +0 large shield
rNeg     . . .     Faith    .   a - +0 robe
rPois    .         Spirit   .   (helmet restricted)
rElec    .         Reflect  .   (no cloak)
rCorr    .         Harm     .   (gloves unavailable)
MR       .....                  (boots unavailable)
Stlth    +++.......             (no amulet)
HPRegen  0.57/turn              n - ring of stealth
MPRegen  0.09/turn              (no ring)

@: held
A: large, unfitting armour, claws 3, fast metabolism 3, gourmand, regeneration
1, shaggy fur 1, tough skin 3
a: Wall Jump, Renounce Religion


You were on level 3 of the Dungeon.
You worshipped Wu Jian.
Wu Jian was pleased with you.
You were completely stuffed.

You visited 1 branch of the dungeon, and saw 4 of its levels.

You collected 175 gold pieces.

Inventory:

Missiles
 e - 16 sling bullets
 i - 85 stones (quivered)
 m - 72 arrows
 r - 19 bolts
Armour
 a - a +0 robe (worn)
 t - a +0 large shield (worn)
Jewellery
 n - a ring of stealth (left claw)
 y - an uncursed ring of wizardry {unknown}
Wands
 v - a wand of random effects (15)
Scrolls
 c - 2 scrolls of amnesia {unknown}
 d - 7 scrolls of identify {unknown}
 f - a scroll of immolation {unknown}
 g - 4 scrolls of teleportation {unknown}
 h - 2 scrolls of fear {unknown}
 j - a scroll of enchant weapon {unknown}
 o - 2 scrolls of remove curse {unknown}
 s - a scroll of noise {unknown}
 x - a scroll of magic mapping {unknown}
Potions
 k - a potion of heal wounds {unknown}
 l - a potion of haste {unknown}
 p - a potion of might {unknown}
 q - a potion of agility {unknown}
 u - a potion of lignification {unknown}
 w - a potion of brilliance {unknown}
Comestibles
 b - 7 rations
 z - 2 chunks of flesh


   Skills:
 + Level 3.1 Fighting
 + Level 3.3 Dodging
 + Level 1.6 Stealth
 + Level 1.2 Shields
 + Level 4.1 Unarmed Combat


You had 4 spell levels left.
You didn't know any spells.
Your spell library was empty.

Dungeon Overview and Level Annotations

Branches:
Dungeon (4/15)
 Temple: D:4-7

Altars:
Okawaru
Wu Jian


Innate Abilities, Weirdness & Mutations

You are too large for most types of armour.
You have claws for hands.
Your metabolism is lightning-fast.
You like to eat raw meat.
Your natural rate of healing is unusually fast.
You are covered in fur. (AC +1)
You have extremely tough skin. (AC +3)


Message History

The gnoll hits you from afar with a +0 halberd!
* * * LOW HITPOINT WARNING * * *
The gnoll closely misses you. The hound bites you.
* * * LOW HITPOINT WARNING * * *
You climb upwards.
There is a stone staircase leading down here.
You spin and attack the hound.
You scratch the hound but do no damage.
The hound is moderately wounded.
You block the gnoll's attack. The hound bites you but does no damage.
The gnoll throws a throwing net.
The throwing net hits you.
You become entangled in the net!
The hound barely misses you.
You see here a throwing net.
You struggle against the net.
The hound bites you.
* * * LOW HITPOINT WARNING * * *
You tear a large gash into the net.
The hound bites you.
* * * LOW HITPOINT WARNING * * *
The gnoll hits you from afar with a +0 spear.
* * * LOW HITPOINT WARNING * * *
The hound bites you.
You die...

...#.##............#
##.#.############..# .....####
#..# #......)# #..#
#..####.#########..#
...####.#.......#..#
.....##.#.......#..###
..#...#.#..###......<#####
#.........>...gh@..#.....# #####
###...###..###g.#.##.###.# #....
# ######..........##.# #.# #.###
#### #........####.# #.# #.###
...# #...###.......# #.####.#..
##.# #...# #######.# #........)
##.# #...# #.########.... ##.#
#...# #.......######
##.#####...#########............#


You could see a hound and 2 gnolls.

Vanquished Creatures
  A centaur skeleton (D:3)
  6 adders
  A gnoll (D:4)
  An ooze (D:3)
  3 worms
  3 dart slugs
  4 leopard geckos
  6 orcs (D:3)
  4 giant cockroaches (D:1)
  7 goblins
  10 hobgoblins
  6 jackals
  3 quokkas
  5 bats
  3 frilled lizards (D:2)
  6 kobolds
  2 rats (D:1)
71 creatures vanquished.

Notes
Turn   | Place    | Note
-------+----------+-------------------------------------------
     0 | D:1      | Descartes the Troll Monk began the quest for the Orb.
     0 | D:1      | Reached XP level 1. HP: 22/22 MP: 0/0
    74 | D:1      | Reached XP level 2. HP: 28/29 MP: 1/1
   249 | D:1      | Reached XP level 3. HP: 32/36 MP: 2/2
   821 | D:2      | Found an iron altar of Okawaru.
   958 | D:2      | Reached XP level 4. HP: 44/44 MP: 3/3
  1394 | D:3      | Reached skill level 4 in Unarmed Combat
  1507 | D:3      | Reached XP level 5. HP: 53/53 MP: 4/4
  1587 | D:3      | Reached skill level 1 in Shields
  1793 | D:3      | Found an ornate altar of the Wu Jian Council.
  1873 | D:3      | Became a worshipper of the Wu Jian Council
  1873 | D:3      | Reached * piety under Wu Jian
  1873 | D:3      | Reached ** piety under Wu Jian
  2024 | D:3      | HP: 1/53 [gnoll/+0 spear (6)]
  2024 | D:3      | Slain by a hound

Skill      XL: |  1  2  3  4  5 |
---------------+----------------+-----
Dodging        | 3 |  3.3
Unarmed Combat | 4 |  4.1
Fighting       | 3 |  3.1
Shields        | 1 |  1.2
Stealth        | |  1.6

Action                   |  1- 3 |  4- 6 || total
-------------------------+-------+-------++-------
Melee: Unarmed           |   105 |    95 ||   200
       Punch             |     1 |       ||     1
Invok: Lunge             |       |     3 ||     3
       Whirlwind         |       |     3 ||     3
 Stab: Sleeping          |     5 |     7 ||    12
       Distracted        |       |     1 ||     1
  Eat: Chunk             |    14 |    10 ||    24
Armor: Robe              |    49 |    27 ||    76
Dodge: Dodged            |    51 |    39 ||    90
Block: Large shield      |       |    31 ||    31
